 Dungeon Crawl Stone Soup version 0.31-a0-177-g4aa6249778 (webtiles) character file.

Game seed: 13897165598478627871

67 qw the Shooter (level 4, 0/39 HPs)
             Began as a Naga Hunter on June 18, 2023.
             Slain by a goblin
             ... wielding a +0 club
             ... led by Robin
              (1 damage)
             ... on level 3 of the Dungeon.
             The game lasted 00:00:28 (1384 turns).

qw the Shooter (Naga Hunter)                        Turns: 1384, Time: 00:00:29

Health: 0/39       AC:  3    Str: 11 (13) XL:     4   Next: 18%
Magic:  4/4        EV:  9    Int:  8 (10) God:
Gold:   101        SH:  0    Dex: 15 (16) Spells: 3/3 levels left

rFire   . . .        Y - +0 shortbow
rCold   . . .        (shield currently unavailable)
rNeg    . . .        c - +0 leather armour
rPois   +            e - +0 helmet
rElec   .            (no cloak)
rCorr   .            (no gloves)
SInv    +            (no barding)
Will    .....        (no amulet)
Stlth   ++           (no ring)
HPRegen 0.26/turn    (no ring)
MPRegen 0.09/turn

%: no passive effects
@: short of breath, very slow
A: AC +1, large, see invisible, deformed body, poison resistance, slowness 2,
spit poison 1, naga tail 1
a: Spit Poison


You were on level 3 of the Dungeon.
You visited 1 branch of the dungeon, and saw 3 of its levels.

You collected 101 gold pieces.


Innate Abilities, Weirdness & Mutations

Your serpentine skin is tough. (AC +1)
You have supernaturally acute eyesight. (SInv)
Armour fits poorly on your strangely shaped body.
Your system is resistant to poisons. (rPois)
You cover ground very slowly.
You can spit poison.
You have a snake-like lower body.


   Skills:
 + Level 2.0 Fighting
 - Level 5.1 Ranged Weapons
 - Level 1.5 Dodging
 - Level 1.5 Stealth


You had 3 spell levels left.
You didn't know any spells.
Your spell library was empty.

Inventory:

Hand Weapons
 Y - a +0 shortbow (weapon)
Armour
 c - a +0 leather armour (worn)
 e - a +0 helmet (worn)
Scrolls
 a - a scroll of identify
Potions
 d - a potion of curing
 h - a potion of brilliance {unknown}

Dungeon Overview and Level Annotations

Branches:
Dungeon (3/15)

Altars:

Annotations:
D:3 Robin


Message History

You shoot an arrow. The arrow barely misses the goblin.
The goblin closely misses you.
1377 ||| Stepping ~*~*~tactically~*~*~ (outnumbered).
You have got your breath back.
The goblin hits you with a +0 club.
1378 ||| INVOKING Spit Poison.
Aiming: Spit Poison (1% risk of failure)
Press: ? - help, Shift-Dir - straight line, f/p - goblin The splash of poison misses the goblin.
Robin says, "My army is invincible!"
The goblin barely misses you. The goblin hits you but does no damage.
The goblin hits you with a +0 club.
You shoot an arrow. The arrow closely misses the goblin.
The goblin hits you with a +0 club. The goblin barely misses you.
Robin throws the goblin at you! The goblin hits you with a +0 club.
The goblin hits you but does no damage. The goblin barely misses you.
The goblin hits you with a +0 club. The goblin hits you with a +0 dagger.
1380 ||| DRINKING potion of heal wounds.
You feel much better. The goblin hits you with a +0 club.
The goblin hits you but does no damage. The goblin hits you with a +0 dagger.
The goblin hits you with a +0 club.
You shoot an arrow. The arrow closely misses the goblin.
The goblin barely misses you. The goblin hits you with a +0 club.
The goblin hits you with a +0 dagger. The goblin hits you with a +0 club.
You shoot an arrow. The arrow barely misses the goblin.
The goblin barely misses you. The goblin hits you with a +0 club.
The goblin hits you with a +0 dagger. The goblin closely misses you.
You shoot an arrow. The arrow hits the goblin.
You kill the goblin!
You have got your breath back.
The goblin hits you with a +0 club. The goblin hits you with a +0 dagger.
The goblin hits you with a +0 club.
1384 ||| INVOKING Spit Poison.
Aiming: Spit Poison (1% risk of failure)
Press: ? - help, Shift-Dir - straight line, f - goblin The splash of poison misses the goblin.
The goblin no longer looks unusually strong.
The goblin hits you with a +0 club. The goblin hits you with a +0 dagger.
The goblin hits you with a +0 club.
You die...

## ... ....
...g. #####
.....g#@g.#
....gggg)<#
...%gg#...#
......#.[.#
..... #####
#.### .


You could see Robin, 2 hobgoblins and 4 goblins.

Vanquished Creatures
  3 adders (D:2)
  5 endoplasms
  A giant cockroach (D:1)
  3 goblins
  8 hobgoblins
  2 ball pythons (D:1)
  7 bats
  3 frilled lizards (D:1)
  5 kobolds (D:1)
  3 rats
40 creatures vanquished.

Notes
Turn   | Place    | Note
-------+----------+-------------------------------------------
     0 | D:1      | qw the Naga Hunter began the quest for the Orb.
     0 | D:1      | Reached XP level 1. HP: 19/19 MP: 1/1
     0 | D:1      | 0 ||| qw: Version: 0.3-a-5-g6f28e65
     0 | D:1      | 0 ||| qw: Game counter: 650
     0 | D:1      | 0 ||| qw: Always use a shield: true
     0 | D:1      | 0 ||| qw: God list: Okawaru
     0 | D:1      | 0 ||| qw: Allow faded altars: false
     0 | D:1      | 0 ||| qw: Do Orc after D:15 true
     0 | D:1      | 0 ||| qw: Do second Lair branch before Depths: true
     0 | D:1      | 0 ||| qw: Lair rune preference: random
     0 | D:1      | 0 ||| qw: Plans: Normal
     0 | D:1      | 0 ||| PLANNING D:1-11
    50 | D:1      | 50 ||| INVOKING Spit Poison.
    56 | D:1      | 56 ||| INVOKING Spit Poison.
    79 | D:1      | 79 ||| INVOKING Spit Poison.
   151 | D:1      | 151 ||| INVOKING Spit Poison.
   178 | D:1      | 178 ||| INVOKING Spit Poison.
   198 | D:1      | Reached skill level 4 in Ranged Weapons
   198 | D:1      | Reached XP level 2. HP: 26/26 MP: 2/2
   201 | D:1      | 201 ||| INVOKING Spit Poison.
   225 | D:1      | 225 ||| INVOKING Spit Poison.
   319 | D:1      | 319 ||| INVOKING Spit Poison.
   363 | D:1      | 363 ||| INVOKING Spit Poison.
   431 | D:1      | 431 ||| INVOKING Spit Poison.
   473 | D:1      | 473 ||| INVOKING Spit Poison.
   481 | D:1      | Reached XP level 3. HP: 32/32 MP: 3/3
   493 | D:1      | 493 ||| INVOKING Spit Poison.
   541 | D:1      | 541 ||| INVOKING Spit Poison.
   688 | D:1      | 688 ||| INVOKING Spit Poison.
   887 | D:1      | 887 ||| READING 2 scrolls labelled ZAXUYK UBLARR.
   888 | D:1      | 888 ||| READING scroll labelled TUFYHA IMOCZASM.
   889 | D:1      | 889 ||| READING scroll labelled CAESI MAOCZANG.
   890 | D:1      | 890 ||| READING scroll labelled JUCVULISUQ.
   891 | D:1      | 891 ||| READING 3 scrolls labelled SEAWEH SAUDEI.
   892 | D:1      | 892 ||| READING scroll labelled ZOPACV MYKHLUIXU.
   893 | D:1      | 893 ||| READING scroll labelled BEAPLE SOSCHYNA.
   952 | D:1      | 952 ||| DROPPING scroll of butterflies.
   953 | D:1      | 953 ||| DROPPING 2 scrolls of revelation.
   975 | D:2      | 975 ||| INVOKING Spit Poison.
   979 | D:2      | 979 ||| INVOKING Spit Poison.
  1004 | D:2      | 1004 ||| INVOKING Spit Poison.
  1021 | D:2      | 1021 ||| INVOKING Spit Poison.
  1085 | D:2      | 1085 ||| INVOKING Spit Poison.
  1243 | D:2      | 1243 ||| INVOKING Spit Poison.
  1246 | D:2      | Reached skill level 5 in Ranged Weapons
  1246 | D:2      | Reached XP level 4. HP: 39/39 MP: 4/4
  1352 | D:2      | 1352 ||| UPGRADING to +0 helmet.
  1357 | D:2      | 1357 ||| READING scroll labelled NUIMYZX SOIS.
  1362 | D:2      | 1362 ||| DRINKING 2 fizzy puce potions.
  1363 | D:2      | 1363 ||| READING 3 scrolls of identify.
  1363 | D:2      | 1363 ||| IDENTIFYING fuming green potion
  1364 | D:2      | 1364 ||| READING 2 scrolls of identify.
  1364 | D:2      | 1364 ||| IDENTIFYING bubbling amethyst potion
  1365 | D:2      | 1365 ||| DROPPING potion of degeneration.
  1372 | D:3      | Noticed Robin
  1373 | D:3      | 1373 ||| INVOKING Spit Poison.
  1377 | D:3      | 1377 ||| Stepping ~*~*~tactically~*~*~ (outnumbered).
  1378 | D:3      | 1378 ||| INVOKING Spit Poison.
  1379 | D:3      | HP: 9/39 [goblin/+0 club[Robin] (4)]
  1380 | D:3      | 1380 ||| DRINKING potion of heal wounds.
  1383 | D:3      | HP: 3/39 [goblin/+0 club[Robin] (6)]
  1384 | D:3      | 1384 ||| INVOKING Spit Poison.
  1384 | D:3      | HP: 1/39 [goblin/+0 dagger[Robin] (1)]
  1384 | D:3      | Slain by a goblin

Levels and vault maps discovered:
D:1:      amcnicky_arrival_single_pillar, layout_basic, serial_co_window_serial,
          co_window_cross_1, co_window_paths_a, co_window_paths_b,
          co_window_corner_a, co_window_paths_b, co_window_corner_b,
          co_window_broadway_b, co_window_of_opportunity_b, co_window_paths_d,
          glass_columns_b, glass_columns_a, serial_bayou_ford_a,
          minmay_misc_feat_cross
D:2:      layout_rooms
D:3:      cheibrodos_old_hovel, layout_basic, mainiacjoe_overflow_paths,
          hellmonk_no_cap, uniq_terence, uniq_robin, uniq_grinder

Skill      XL: |  1  2  3 |
---------------+----------+-----
Ranged Weapons | 4 5 |  5.1
Fighting       | |  2.0
Dodging        | |  1.5
Stealth        | |  1.5

Action                     |  1- 3 |  4- 6 || total
---------------------------+-------+-------++-------
   Fire: Shortbow          |    52 |     7 ||    59
Ability: Spit Poison       |    20 |     3 ||    23
    Use: Scroll            |     7 |     3 ||    10
         Potion            |       |     2 ||     2
 Armour: Leather armour    |       |     3 ||     3
  Dodge: Dodged            |     1 |     7 ||     8

Table legend:
 A = Non-vault XP
 B = Vault XP
 C = Vault XP percentage of total XP
 D = Non-vault monster count
 E = Vault monster count
 F = Vault count percentage of total count
                 A         B        C        D         E       F
            +---------+---------+-------+---------+---------+-------
      Total |      94 |       3 |   3.1 |      38 |       2 |   5.0
            +---------+---------+-------+---------+---------+-------
        D:1 |      44 |       0 |   0.0 |      29 |       0 |   0.0
        D:2 |      50 |       0 |   0.0 |       9 |       0 |   0.0
        D:3 |       0 |       3 | 100.0 |       0 |       2 | 100.0
            +---------+---------+-------+---------+---------+-------
